 Dungeon Crawl Stone Soup version 0.28.0-45-g0d030f2227 (webtiles) character file.

Game seed: 16886795183119992841

104 Andrea the Magician (level 4, -4/32 HPs)
             Began as a Gnoll Hedge Wizard on Apr 6, 2022.
             Killed from afar by an orc wizard (7 damage)
             ... with a puff of flame
             ... on level 2 of the Dungeon.
             The game lasted 00:06:57 (3620 turns).

Andrea the Magician (Gnoll Hedge Wizard)            Turns: 3620, Time: 00:06:57

Health: -4/32      AC:  3    Str: 12    XL:     4   Next: 80%
Magic:  13/13      EV: 13    Int: 13    God:
Gold:   86         SH:  0    Dex: 11    Spells: 6/17 levels left

rFire   . . .      SeeInvis .   a - +0 dagger
rCold   . . .      Faith    .   (no shield)
rNeg    . . .      Spirit   .   b - +0 robe
rPois   .          Reflect  .   c - +0 hat
rElec   .          Harm     .   (no cloak)
rCorr   .          Rampage  .   (no gloves)
Will    .....                   e - +0 pair of boots
Stlth   ++........              (no amulet)
HPRegen 0.10/turn               (no ring)
MPRegen 0.13/turn               (no ring)

@: no status effects
A: fangs 1, strong nose, distributed training
a: no special abilities


You were on level 2 of the Dungeon.
You visited 1 branch of the dungeon, and saw 3 of its levels.

You collected 86 gold pieces.

Inventory:

Hand Weapons
 a - a +0 dagger (weapon)
Armour
 b - a +0 robe (worn)
 c - a +0 hat (worn)
 e - a +0 pair of boots (worn)
 g - a +0 ring mail
Jewellery
 h - a +6 ring of dexterity
Scrolls
 d - 4 scrolls of identify {unknown}
 l - 2 scrolls of fear {unknown}
 m - a scroll of noise {unknown}
Potions
 f - a potion of heal wounds {unknown}
 i - a potion of degeneration {unknown}
 j - a potion of lignification {unknown}
 k - a potion of curing {unknown}
 n - a potion of flight {unknown}


   Skills:
 + Level 1.2 Fighting
 + Level 1.2 Short Blades
 + Level 1.2 Long Blades
 + Level 1.2 Axes
 + Level 1.2 Maces & Flails
 + Level 1.2 Polearms
 + Level 1.2 Staves
 + Level 1.2 Slings
 + Level 1.2 Bows
 + Level 1.2 Crossbows
 + Level 1.2 Throwing
 + Level 1.2 Armour
 + Level 4.7 Dodging
 + Level 4.3 Stealth
 + Level 1.2 Shields
 + Level 1.2 Unarmed Combat
 + Level 7.2 Spellcasting
 + Level 2.3 Conjurations
 + Level 1.0 Hexes
 + Level 2.3 Summonings
 + Level 1.0 Necromancy
 + Level 2.3 Translocations
 + Level 1.0 Transmutations
 + Level 1.0 Fire Magic
 + Level 1.0 Ice Magic
 + Level 1.0 Air Magic
 + Level 1.0 Earth Magic
 + Level 1.0 Poison Magic
 + Level 1.3 Invocations
 + Level 1.2 Evocations


You had 6 spell levels left.
You knew the following spells:

 Your Spells              Type           Power      Damage    Failure   Level
a - Magic Dart            Conj           40%        1d5       6%          1
b - Call Imp              Summ           10%        N/A       9%          2
c - Mephitic Cloud        Conj/Pois/Air  8%         N/A       24%         3
d - Conjure Flame         Conj/Fire      9%         6-21      22%         3
e - Blink                 Tloc           20%        N/A       9%          2

Your spell library contained the following spells:

 Spells                   Type           Power      Damage    Failure   Level
 Slow                     Hex            28%        N/A       10%         1
 Ozocubu's Armour         Ice            7%         N/A       28%         3
 Metabolic Englaciation   Hex/Ice        3%         N/A       95%         5
 Simulacrum               Ice/Necr       3%         N/A       100%        6


Dungeon Overview and Level Annotations

Branches:
Dungeon (3/15)

Altars:
Ashenzari


Innate Abilities, Weirdness & Mutations

You have very sharp teeth.
Your uncanny sense of smell can sniff out nearby items.
Your experience applies equally to all skills.


Message History

Aiming: Magic Dart (safe; 6% risk of failure)
Press: ? - help, Shift-Dir - straight line, f/p - orc wizard
Aim: an orc wizard, wielding a +0 dagger and wearing a +0 robe (lightly wounded, 100% to hit)
The magic dart hits the orc wizard but does no damage.
The orc wizard is lightly wounded.
The orc wizard gestures at you while chanting.
You are confused.
You closely miss the orc wizard.
The orc wizard is lightly wounded.
The orc wizard misses you.
You barely miss the orc wizard.
The orc wizard is lightly wounded.
The orc wizard points at you and mumbles some strange words.
The magic dart hits you!
You're too confused to move!
The orc wizard misses you.
The orc wizard gestures wildly while chanting.
The orc wizard flickers and vanishes!
Deactivating autopickup; reactivate with Ctrl-A.
You hear some strange, mumbled words.
You are more confused.
You bump into the rock wall.
Something hits you but does no damage.
You closely miss something.
You hear some strange, mumbled words.
You are more confused.
You bump into the rock wall.
Something hits you.
You bump into the rock wall.
You're too confused to move!
Something hits you.
* * * LOW HITPOINT WARNING * * *
You hear some strange, mumbled words.
A puff of flame appears from out of thin air!
The puff of flame hits you!
* * * LOW HITPOINT WARNING * * *
Okay, then.
Unknown command.
You feel less confused.
You hear some strange, mumbled words.
Something tries to affect you, but you resist.
A puff of flame appears from out of thin air!
The puff of flame hits you!
You die...

..........# #.#.#.# #######
..........# #.#.#.####.....#
..........###.#.#..........#
....................#......######
...........................##....
.......##..#..{####.##.....#...P.
.......##..##....##.##.....#.P_.P
....##.##.....##.##.##.......P...
###.g.......####@##...######.♣...
####.###..............#####.♣..
#.........####..............
#####.....# #....#########.
#.....# #....# ## ####### ######


There were no monsters in sight!

Vanquished Creatures
  4 gnolls
  3 worms
  3 orcs (D:3)
  5 bats
  3 endoplasms
  2 giant cockroaches (D:1)
  2 goblins (D:1)
  6 hobgoblins
  3 kobolds
  8 quokkas
  4 ball pythons
  5 frilled lizards
  5 rats
53 creatures vanquished.

Vanquished Creatures (others)
  2 plants (D:1)
2 creatures vanquished.

Grand Total: 55 creatures vanquished

Notes
Turn   | Place    | Note
-------+----------+-------------------------------------------
     0 | D:1      | Andrea the Gnoll Hedge Wizard began the quest for the Orb.
     0 | D:1      | Reached XP level 1. HP: 13/13 MP: 8/8
   248 | D:1      | Reached XP level 2. HP: 17/19 MP: 2/10
  1008 | D:1      | Reached XP level 3. HP: 25/25 MP: 7/11
  1335 | D:2      | Found a faded altar of an unknown god.
  2045 | D:2      | Reached skill level 1 in Invocations
  2181 | D:1      | Reached skill level 1 in Fighting
  2181 | D:1      | Reached skill level 1 in Short Blades
  2181 | D:1      | Reached skill level 1 in Long Blades
  2181 | D:1      | Reached skill level 1 in Axes
  2181 | D:1      | Reached skill level 1 in Maces & Flails
  2181 | D:1      | Reached skill level 1 in Polearms
  2181 | D:1      | Reached skill level 1 in Staves
  2181 | D:1      | Reached skill level 1 in Slings
  2181 | D:1      | Reached skill level 1 in Bows
  2181 | D:1      | Reached skill level 1 in Crossbows
  2181 | D:1      | Reached skill level 1 in Throwing
  2181 | D:1      | Reached skill level 1 in Armour
  2181 | D:1      | Reached skill level 1 in Shields
  2181 | D:1      | Reached skill level 1 in Unarmed Combat
  2181 | D:1      | Reached skill level 1 in Evocations
  2265 | D:1      | Reached XP level 4. HP: 9/32 MP: 7/13
  2493 | D:1      | Learned a level 2 spell: Call Imp
  2497 | D:1      | Learned a level 3 spell: Mephitic Cloud
  2501 | D:1      | Learned a level 3 spell: Conjure Flame
  2504 | D:1      | Learned a level 2 spell: Blink
  3106 | D:3      | Found a broken altar of Ashenzari.
  3122 | D:3      | Reached skill level 1 in Hexes
  3122 | D:3      | Reached skill level 1 in Necromancy
  3122 | D:3      | Reached skill level 1 in Transmutations
  3122 | D:3      | Reached skill level 1 in Fire Magic
  3122 | D:3      | Reached skill level 1 in Ice Magic
  3122 | D:3      | Reached skill level 1 in Air Magic
  3122 | D:3      | Reached skill level 1 in Earth Magic
  3122 | D:3      | Reached skill level 1 in Poison Magic
  3620 | D:2      | Killed from afar by an orc wizard

Illustrated notes

Levels and vault maps discovered:
D:1:      dpeg_arrival_court, layout_loops_ring, minmay_misc_feat_secret_circle,
          serial_bayou_lake_a
D:2:      layout_rooms, ebering_ecumenical_altar_petrified,
          hangedman_abyss_or_decor_lesser_grid
D:3:      layout_basic, mainiacjoe_overflow_surrounded_room,
          nicolae_ashenzari_skybound, okawaru_gym_becter

Skill      XL: |  1  2  3  4 |
---------------+-------------+-----
Conjurations   | 2 |  2.3
Summonings     | 2 |  2.3
Translocations | 2 |  2.3
Invocations    | 1 |  1.3
Fighting       | 1 |  1.2
Short Blades   | 1 |  1.2
Long Blades    | 1 |  1.2
Axes           | 1 |  1.2
Maces & Flails | 1 |  1.2
Polearms       | 1 |  1.2
Staves         | 1 |  1.2
Slings         | 1 |  1.2
Bows           | 1 |  1.2
Crossbows      | 1 |  1.2
Throwing       | 1 |  1.2
Armour         | 1 |  1.2
Shields        | 1 |  1.2
Unarmed Combat | 1 |  1.2
Evocations     | 1 |  1.2
Hexes          | 1 |  1.0
Necromancy     | 1 |  1.0
Transmutations | 1 |  1.0
Fire Magic     | 1 |  1.0
Ice Magic      | 1 |  1.0
Air Magic      | 1 |  1.0
Earth Magic    | 1 |  1.0
Poison Magic   | 1 |  1.0
Dodging        | |  4.7
Stealth        | |  4.3
Spellcasting   | |  7.2

Action                   |  1- 3 |  4- 6 || total
-------------------------+-------+-------++-------
Melee: Dagger            |    10 |    21 ||    31
       Bite              |     1 |     5 ||     6
 Cast: Magic Dart        |   122 |    67 ||   189
       Mephitic Cloud    |       |     1 ||     1
 Stab: Sleeping          |       |     1 ||     1
Armor: Robe              |     4 |    11 ||    15
Dodge: Dodged            |    19 |    28 ||    47
